Stars vs Sabres

Created - 21 mars 2024 at 16:17

Goals
1 2 3 T
Stars 0 2 0 2
Sabres 1 1 2 4
Shots
1 2 3 T
Stars 9 14 9 32
Sabres 13 11 10 34

GoalsPenalties
1st period
1. Sabres , Jakub Vrana 13 (Sam Steel 13) at 9:00
Jeremy Lauzon (BUF) for Tripping (Minor) at 1:38
Zach Hyman (BUF) for Fighting (Major) at 9:51
Marc Staal (DAL) for Fighting (Major) at 9:51
2nd period
2. Stars , Mikko Rantanen 26 (Gabriel Landeskog 28, Anders Lee 22) at 1:21
3. Stars , Gabriel Landeskog 30 (Mikko Rantanen 40, Mike Reilly 9) at 13:13
4. Sabres , Anze Kopitar 26 (Clayton Keller 36, Trevor Zegras 18) at 19:34
Jakub Vrana (BUF) for Delaying the game (Minor) at 3:59
Gabriel Landeskog (DAL) for Delaying the game (Minor) at 10:22
Gabriel Landeskog (DAL) for Roughing (Minor) at 19:37
3rd period
5. Sabres , Zach Hyman 23 (Filip Hronek 25, Thomas Novak 20) at 4:15
6. Sabres , Trevor Zegras 19 (Clayton Keller 37, Anze Kopitar 39) at 18:51
Eeli Tolvanen (BUF) for Interference (Minor) at 7:50
Jeremy Lauzon (BUF) for Holding (Minor) at 14:00
Goalie Stats
Tristan Jarry (DAL), 30 saves from 34 shots - (0,882), L, 26-19-7, 60:00 minutes
Mads Sogaard (BUF), 30 saves from 32 shots - (0,938), W, 2-5-2, 60:00 minutes
3 StarsOfficial
1 - Anze Kopitar (BUF)
2 - Trevor Zegras (BUF)
3 - Mikko Rantanen (DAL)
Referees : Mitch Dunning and Tom Chmielewski
Linesman : Kory Nagy and Brent Colby
Game Note
Marc Staal beats up Zach Hyman at 9:51 of 1st period
Finance
Level 1 -- Attendance: 6000 (100,00%) -- Ticket Income $600,000
Level 2 -- Attendance: 5000 (100,00%) -- Ticket Income $310,000
Level 3 -- Attendance: 1136 (56,80%) -- Ticket Income $62,480
Level 4 -- Attendance: 2729 (68,23%) -- Ticket Income $81,870
Luxury Box -- Attendance: 889 (88,90%) -- Ticket Income $165,354
Game was played at the First Niagara Center.
Total Attendance: 15754 (87,52%)
Total Ticket Income: $1,219,704
Other Income: $597,655
Total Income: $1,817,359



Team Name Goals Shots Shots Attemp Shots Blocked PIM HIT PP PK FO%
Stars 2326579180 / 4 (0%)050%
Sabres 434561313200 / 2 (0%)050%

Stars
Player Name POS G A P +/- PIM HIT SHT SB MP PP MP PP SHT PK MP PK SHT FO% FOT GA TA
Anders LeeC/LW0112012018:143:3800:000100% 100
Brayden SchennC/LW/RW000-1004015:483:2300:3800% 001
Colin BlackwellC/LW/RW000-2023010:220:0000:0000% 001
Corey PerryRW000-1020111:240:0900:0000% 000
Dylan StromeC/LW000-1002014:543:1800:00042% 1210
Gabriel LandeskogC/LW1122422119:094:1800:00057% 2310
Jacob PetersonC/LW000-1021012:500:5000:3800% 121
John KlingbergD0000001022:122:5000:0000% 010
Marc StaalD000-2521119:035:0601:1700% 012
Matt GrzelcykD0001001022:040:0002:4100% 001
Mike ReillyD011-1020117:122:5000:0000% 002
Mikko RantanenC/LW/RW1122014018:564:1800:000100% 121
Nick BoninoC/LW/RW000-2016012:460:0002:2400% 400
Patrik NemethD0000010317:470:0002:4100% 002
Rafael Harvey-PinardLW000-1000016:363:5400:5600% 001
Ryan StromeC/LW/RW000-1001012:150:0000:56045% 1100
Sam LaffertyC/LW/RW000-2011012:460:0002:24071% 701
Thomas ChabotD000-2013021:415:0601:1700% 001
Sabres
Player Name POS G A P +/- PIM HIT SHT SB MP PP MP PP SHT PK MP PK SHT FO% FOT GA TA
Alex ChiassonRW0001031012:250:0000:0000% 201
Anze KopitarC1121024018:591:5603:31170% 2010
Clayton KellerLW/RW0221014016:501:5600:3700% 110
Derek ForbortD0001012122:280:0004:4700% 003
Eeli TolvanenLW/RW0000202212:372:0210:0000% 010
Filip HronekD0110041119:552:1600:0000% 010
Ivan ProvorovD0000011123:551:4204:4000% 001
Jakub LaukoC/LW0000020114:230:0003:48025% 400
Jakub VranaLW/RW1010214014:562:1600:0000% 100
Jeremy LauzonD0001401320:220:0002:0800% 010
Marco ScandellaD0001011117:221:4203:0900% 001
Rasmus SandinD0001010013:230:0001:0800% 002
Ryan ReavesLW/RW0000021113:420:0003:3100% 110
Sam SteelC/LW/RW0110001115:400:2003:48050% 1430
Seth JarvisRW0000000011:240:0000:0000% 020
Thomas NovakC0111003014:282:0200:00047% 1500
Trevor ZegrasC/LW1121014016:071:4200:3700% 110
Zach HymanLW/RW1011504113:031:5610:000100% 120

Stars

5 vs 5 Forward
Line #Left WingCenterRight WingPHYDFOFWanted %Time %Time Play
1Anders LeeGabriel LandeskogMikko Rantanen0143331%14:49
2Rafael Harvey-PinardDylan StromeBrayden Schenn0142524%11:46
3Jacob PetersonRyan StromeCorey Perry0232223%11:09
4Colin BlackwellSam LaffertyNick Bonino0232022%10:22
5 vs 5 Defense
Line #DefenseDefensePHYDFOFWanted %Time %Time Play
1Thomas ChabotMarc Staal1313233%15:44
2Patrik NemethMatt Grzelcyk1313030%14:32
3Mike ReillyJohn Klingberg1312326%12:28
4John KlingbergMatt Grzelcyk1311511%5:22
Power Play Forward
Line #Left WingCenterRight WingPHYDFOFWanted %Time %Time Play
1Rafael Harvey-PinardGabriel LandeskogMikko Rantanen0056056%4:27
2Anders LeeDylan StromeBrayden Schenn0054044%3:29
Power Play Defense
Line #DefenseDefensePHYDFOFWanted %Time %Time Play
1Thomas ChabotMarc Staal0146064%5:06
2John KlingbergMike Reilly0144036%2:50
Penalty Kill 4 Players Forward
Line #CenterWingPHYDFOFWanted %Time %Time Play
1Nick BoninoSam Lafferty0506076%3:02
2Ryan StromeRafael Harvey-Pinard0504024%0:56
Penalty Kill 4 Players Defense
Line #DefenseDefensePHYDFOFWanted %Time %Time Play
1Matt GrzelcykPatrik Nemeth1406068%2:41
2Thomas ChabotMarc Staal1404032%1:17
Penalty Kill 3 Players
Line #WingPHYDFOFWanted %Time %Time PlayDefenseDefensePHYDFOFWanted %Time %Time Play
1Sam Lafferty122600%0:00 Thomas ChabotMatt Grzelcyk122600%0:00
2Ryan Strome122400%0:00 Patrik NemethMike Reilly122400%0:00
4 vs 4 Forward
Line #CenterWingPHYDFOFWanted %Time %Time Play
1Ryan StromeMikko Rantanen122600%0:00
2Dylan StromeAnders Lee122400%0:00
4 vs 4 Defense
Line #DefensePHYDFOFWanted %Time %Time Play
1Matt GrzelcykMike Reilly122600%0:00
2Thomas ChabotPatrik Nemeth122400%0:00
Last Minutes Offensive
Left WingCenterRight WingDefenseDefense
Mikko RantanenRyan StromeBrayden SchennMike ReillyThomas Chabot
Last Minutes Defensive
Left WingCenterRight WingDefenseDefense
Anders LeeSam LaffertyColin BlackwellPatrik NemethMatt Grzelcyk
Time
Total ForwardTotal DefenseLast Minutes OffensiveLast Minutes Defensive
60:00 60:00 0:000:00
Extra Forwards
Normal PowerPlayPenalty Kill
Anders Lee, Dylan Strome, Ryan StromeRafael Harvey-Pinard, Jacob PetersonSam Lafferty
Extra Defensemen
Normal PowerPlayPenalty Kill
Patrik Nemeth, Matt Grzelcyk, Thomas ChabotJohn Klingberg, Matt GrzelcykThomas Chabot
Penalty Shots
Mikko Rantanen, Jacob Peterson, Nick Bonino, Rafael Harvey-Pinard, Sam Lafferty
Goalie
Tristan Jarry, Karel Vejmelka
Custom OT Lines Forwards
Mikko Rantanen, Brayden Schenn, Gabriel Landeskog, Ryan Strome, Anders Lee, Dylan Strome, Corey Perry, Sam Lafferty, Rafael Harvey-Pinard, Jacob Peterson
Custom OT Lines Defensemen
Thomas Chabot, Mike Reilly, Patrik Nemeth, Matt Grzelcyk, John Klingberg
Scratches
Alex Galchenyuk (Healthy), Cam Atkinson (Torn Right Knee Ligaments Injury), Brad Hunt (Healthy)

Sabres

5 vs 5 Forward
Line #Left WingCenterRight WingPHYDFOFWanted %Time %Time Play
1Trevor ZegrasAnze KopitarClayton Keller0143028%13:42
2Zach HymanThomas NovakAlex Chiasson0232827%12:52
3Jakub VranaSam SteelSeth Jarvis0232424%11:24
4Eeli TolvanenJakub LaukoRyan Reaves1221821%10:08
5 vs 5 Defense
Line #DefenseDefensePHYDFOFWanted %Time %Time Play
1Ivan ProvorovFilip Hronek0233940%19:01
2Derek ForbortJeremy Lauzon0233635%16:46
3Marco ScandellaRasmus Sandin0322525%11:49
4Derek ForbortIvan Provorov12201%0:30
Power Play Forward
Line #Left WingCenterRight WingPHYDFOFWanted %Time %Time Play
1Clayton KellerAnze KopitarZach Hyman0055549%1:56
2Trevor ZegrasThomas NovakEeli Tolvanen0054551%2:02
Power Play Defense
Line #DefenseDefensePHYDFOFWanted %Time %Time Play
1Jakub VranaFilip Hronek0145557%2:16
2Marco ScandellaIvan Provorov0144543%1:42
Penalty Kill 4 Players Forward
Line #CenterWingPHYDFOFWanted %Time %Time Play
1Sam SteelJakub Lauko0505156%4:25
2Anze KopitarRyan Reaves0504944%3:31
Penalty Kill 4 Players Defense
Line #DefenseDefensePHYDFOFWanted %Time %Time Play
1Derek ForbortJeremy Lauzon0506060%4:47
2Ivan ProvorovMarco Scandella0504040%3:09
Penalty Kill 3 Players
Line #WingPHYDFOFWanted %Time %Time PlayDefenseDefensePHYDFOFWanted %Time %Time Play
1Anze Kopitar050600%0:00 Ivan ProvorovDerek Forbort050600%0:00
2Sam Steel050400%0:00 Marco ScandellaJeremy Lauzon050400%0:00
4 vs 4 Forward
Line #CenterWingPHYDFOFWanted %Time %Time Play
1Thomas NovakAlex Chiasson122500%0:00
2Sam SteelSeth Jarvis122500%0:00
4 vs 4 Defense
Line #DefensePHYDFOFWanted %Time %Time Play
1Ivan ProvorovFilip Hronek122550%0:00
2Derek ForbortJeremy Lauzon122450%0:00
Last Minutes Offensive
Left WingCenterRight WingDefenseDefense
Clayton KellerAnze KopitarZach HymanIvan ProvorovFilip Hronek
Last Minutes Defensive
Left WingCenterRight WingDefenseDefense
Clayton KellerAnze KopitarZach HymanDerek ForbortMarco Scandella
Time
Total ForwardTotal DefenseLast Minutes OffensiveLast Minutes Defensive
60:00 60:00 0:000:00
Extra Forwards
Normal PowerPlayPenalty Kill
Trevor Zegras, Jakub Vrana, Clayton KellerTrevor Zegras, Jakub VranaTrevor Zegras
Extra Defensemen
Normal PowerPlayPenalty Kill
Marco Scandella, Rasmus Sandin, Derek ForbortIvan Provorov, Ivan ProvorovRasmus Sandin
Penalty Shots
Trevor Zegras, Thomas Novak, Anze Kopitar, Seth Jarvis, Jakub Vrana
Goalie
Mads Sogaard, Elvis Merzlikins
Custom OT Lines Forwards
Anze Kopitar, Clayton Keller, Zach Hyman, Alex Chiasson, Trevor Zegras, Sam Steel, Thomas Novak, Jakub Vrana, Seth Jarvis, Jakub Lauko
Custom OT Lines Defensemen
Ivan Provorov, Filip Hronek, Derek Forbort, Jeremy Lauzon, Rasmus Sandin
Scratches
None


Play-by-Play

1st period


0:01 of 1st period - Gabriel Landeskog wins face-off versus Anze Kopitar in neutral zone.
0:05 of 1st period - Off-side.
0:06 of 1st period - Gabriel Landeskog wins face-off versus Anze Kopitar in neutral zone.
0:09 of 1st period - Slapshot by Mikko Rantanen.
0:09 of 1st period - Shot Blocked by Ivan Provorov.
0:11 of 1st period - Slapshot by Marc Staal.
0:11 of 1st period - Stopped by Mads Sogaard without a rebound.
0:12 of 1st period - Thomas Novak wins face-off versus Dylan Strome in Sabres zone.
0:23 of 1st period - Snap shot by Alex Chiasson.
0:23 of 1st period - Stopped by Tristan Jarry without a rebound.
0:24 of 1st period - Sam Steel wins face-off versus Ryan Strome in Stars zone.
0:49 of 1st period - Marco Scandella is hit by Mike Reilly and loses puck.
1:29 of 1st period - Off-side.
1:30 of 1st period - Dylan Strome wins face-off versus Thomas Novak in neutral zone.
1:38 of 1st period - Minor Penalty to Jeremy Lauzon for Tripping.
1:39 of 1st period - Sam Steel wins face-off versus Gabriel Landeskog in Sabres zone.
1:45 of 1st period - Icing by Thomas Chabot.
1:46 of 1st period - Anze Kopitar wins face-off versus Gabriel Landeskog in Stars zone.
1:47 of 1st period - Snap shot by Ivan Provorov.
1:47 of 1st period - Deflect By Anze Kopitar.
1:47 of 1st period - Stopped by Tristan Jarry without a rebound.
1:48 of 1st period - Gabriel Landeskog wins face-off versus Anze Kopitar in Stars zone.
2:36 of 1st period - Ivan Provorov is hit by Gabriel Landeskog and loses puck.
2:46 of 1st period - Icing by Marc Staal.
2:47 of 1st period - Gabriel Landeskog wins face-off versus Sam Steel in Stars zone.
3:38 of 1st period - Penalty to Jeremy Lauzon is over, Jeremy Lauzon is back on ice.
3:44 of 1st period - Nick Bonino is hit by Filip Hronek.
3:48 of 1st period - Slapshot by Thomas Chabot.
3:48 of 1st period - Stopped by Mads Sogaard with a rebound.
3:52 of 1st period - Slapshot by Nick Bonino.
3:52 of 1st period - Shot Misses the Net.
3:54 of 1st period - Wrist shot by Nick Bonino.
3:54 of 1st period - Shot Misses the Net.
4:04 of 1st period - Patrik Nemeth is hit by Filip Hronek and loses puck.
5:33 of 1st period - Slapshot by Jakub Vrana.
5:33 of 1st period - Stopped by Tristan Jarry with a rebound.
6:52 of 1st period - Filip Hronek is hit by Colin Blackwell and loses puck.
7:22 of 1st period - Off-side.
7:23 of 1st period - Sam Steel wins face-off versus Ryan Strome in neutral zone.
7:26 of 1st period - Marc Staal is hit by Marco Scandella and loses puck.
7:51 of 1st period - Slapshot by Clayton Keller.
7:51 of 1st period - Stopped by Tristan Jarry without a rebound.
7:52 of 1st period - Anze Kopitar wins face-off versus Gabriel Landeskog in Stars zone.
8:03 of 1st period - Wrist shot by Clayton Keller.
8:03 of 1st period - Stopped by Tristan Jarry without a rebound.
8:04 of 1st period - Gabriel Landeskog wins face-off versus Thomas Novak in Stars zone.
8:04 of 1st period - Gabriel Landeskog is hit by Alex Chiasson.
8:52 of 1st period - Marc Staal is hit by Filip Hronek.
9:00 of 1st period - Snap shot by Jakub Vrana.
9:00 of 1st period - Goal by Jakub Vrana - Stars : 0 - Sabres : 1.
9:01 of 1st period - Thomas Novak wins face-off versus Gabriel Landeskog in neutral zone.
9:14 of 1st period - Wrist shot by Alex Chiasson.
9:14 of 1st period - Deflect By Mikko Rantanen.
9:14 of 1st period - Shot Blocked by Patrik Nemeth.
9:14 of 1st period - Puck is out of play.
9:15 of 1st period - Sam Steel wins face-off versus Dylan Strome in Stars zone.
9:48 of 1st period - Snap shot by Thomas Novak.
9:48 of 1st period - Deflect By Anders Lee.
9:48 of 1st period - Stopped by Tristan Jarry without a rebound.
9:49 of 1st period - Mikko Rantanen wins face-off versus Thomas Novak in Stars zone.
9:51 of 1st period - Marc Staal beats up Zach Hyman.
9:51 of 1st period - Penalty to Zach Hyman for Fighting.
9:51 of 1st period - Penalty to Marc Staal for Fighting.
9:52 of 1st period - Anze Kopitar wins face-off versus Gabriel Landeskog in neutral zone.
10:38 of 1st period - Snap shot by Jacob Peterson.
10:38 of 1st period - Deflect By Ryan Strome.
10:38 of 1st period - Stopped by Mads Sogaard with a rebound.
11:04 of 1st period - Snap shot by Jakub Vrana.
11:04 of 1st period - Stopped by Tristan Jarry with a rebound.
11:26 of 1st period - Slapshot by Clayton Keller.
11:26 of 1st period - Shot Blocked by Gabriel Landeskog.
11:40 of 1st period - Wrist shot by Anze Kopitar.
11:40 of 1st period - Shot Misses the Net.
11:42 of 1st period - Snap shot by Clayton Keller.
11:42 of 1st period - Shot Misses the Net.
11:44 of 1st period - Slapshot by Clayton Keller.
11:44 of 1st period - Shot Misses the Net.
12:21 of 1st period - Snap shot by Nick Bonino.
12:21 of 1st period - Stopped by Mads Sogaard with a rebound.
12:29 of 1st period - Filip Hronek is hit by Colin Blackwell.
12:53 of 1st period - Wrist shot by Alex Chiasson.
12:53 of 1st period - Shot Misses the Net.
13:15 of 1st period - Snap shot by Brayden Schenn.
13:15 of 1st period - Stopped by Mads Sogaard without a rebound.
13:16 of 1st period - Ryan Strome wins face-off versus Thomas Novak in Sabres zone.
13:25 of 1st period - Rasmus Sandin is hit by Patrik Nemeth and loses puck.
13:47 of 1st period - Anders Lee is hit by Ryan Reaves.
14:33 of 1st period - Sam Steel is hit by Thomas Chabot and loses puck.
14:48 of 1st period - Patrik Nemeth is hit by Derek Forbort and loses puck.
15:24 of 1st period - Rafael Harvey-Pinard is hit by Ivan Provorov and loses puck.
15:51 of 1st period - Rasmus Sandin is hit by Nick Bonino and loses puck.
16:18 of 1st period - Anze Kopitar is hit by Corey Perry and loses puck.
16:31 of 1st period - Slapshot by Thomas Chabot.
16:31 of 1st period - Stopped by Mads Sogaard with a rebound.
16:33 of 1st period - Slapshot by Thomas Chabot.
16:33 of 1st period - Deflect By Jakub Lauko.
16:33 of 1st period - Stopped by Mads Sogaard with a rebound.
16:35 of 1st period - Wrist shot by Gabriel Landeskog.
16:35 of 1st period - Shot Blocked by Marco Scandella.
16:37 of 1st period - Snap shot by Anders Lee.
16:37 of 1st period - Shot Misses the Net.
16:39 of 1st period - Wrist shot by Anders Lee.
16:39 of 1st period - Stopped by Mads Sogaard without a rebound.
16:40 of 1st period - Dylan Strome wins face-off versus Thomas Novak in Sabres zone.
16:41 of 1st period - Wrist shot by Brayden Schenn.
16:41 of 1st period - Stopped by Mads Sogaard without a rebound.
16:42 of 1st period - Thomas Novak wins face-off versus Dylan Strome in Sabres zone.
17:06 of 1st period - Icing by Derek Forbort.
17:07 of 1st period - Gabriel Landeskog wins face-off versus Anze Kopitar in Sabres zone.
18:03 of 1st period - Wrist shot by Zach Hyman.
18:03 of 1st period - Stopped by Tristan Jarry with a rebound.
18:13 of 1st period - Snap shot by Eeli Tolvanen.
18:13 of 1st period - Shot Misses the Net.
18:15 of 1st period - Snap shot by Ryan Reaves.
18:15 of 1st period - Stopped by Tristan Jarry with a rebound.
18:17 of 1st period - Snap shot by Eeli Tolvanen.
18:17 of 1st period - Shot Blocked by Marc Staal.
18:19 of 1st period - Slapshot by Ivan Provorov.
18:19 of 1st period - Stopped by Tristan Jarry without a rebound.
18:20 of 1st period - Anze Kopitar wins face-off versus Gabriel Landeskog in Stars zone.
19:15 of 1st period - Snap shot by Zach Hyman.
19:15 of 1st period - Stopped by Tristan Jarry with a rebound.
19:19 of 1st period - Snap shot by Thomas Novak.
19:19 of 1st period - Shot Misses the Net.
19:29 of 1st period - Snap shot by Jacob Peterson.
19:29 of 1st period - Shot Blocked by Jakub Lauko.
19:51 of 1st period - Wrist shot by Anze Kopitar.
19:51 of 1st period - Stopped by Tristan Jarry with a rebound.
Goals for this period are 0 for Stars vs 1 for Sabres.
Shots for this period are 9 for Stars vs 13 for Sabres.

2nd period


0:01 of 2nd period - Anze Kopitar wins face-off versus Gabriel Landeskog in neutral zone.
0:08 of 2nd period - Snap shot by Clayton Keller.
0:08 of 2nd period - Stopped by Tristan Jarry without a rebound.
0:09 of 2nd period - Gabriel Landeskog wins face-off versus Anze Kopitar in Stars zone.
0:54 of 2nd period - Wrist shot by Mikko Rantanen.
0:54 of 2nd period - Deflect By Anders Lee.
0:54 of 2nd period - Stopped by Mads Sogaard with a rebound.
1:06 of 2nd period - Trevor Zegras is hit by Anders Lee and loses puck.
1:13 of 2nd period - Wrist shot by Mikko Rantanen.
1:13 of 2nd period - Stopped by Mads Sogaard with a rebound.
1:15 of 2nd period - Snap shot by Mikko Rantanen.
1:15 of 2nd period - Shot Misses the Net.
1:17 of 2nd period - Wrist shot by Anders Lee.
1:17 of 2nd period - Shot Misses the Net.
1:19 of 2nd period - Snap shot by Gabriel Landeskog.
1:19 of 2nd period - Stopped by Mads Sogaard with a rebound.
1:21 of 2nd period - Slapshot by Mikko Rantanen.
1:21 of 2nd period - Goal by Mikko Rantanen - Stars : 1 - Sabres : 1.
1:22 of 2nd period - Dylan Strome wins face-off versus Sam Steel in neutral zone.
1:27 of 2nd period - Snap shot by Thomas Chabot.
1:27 of 2nd period - Deflect By Dylan Strome.
1:27 of 2nd period - Stopped by Mads Sogaard with a rebound.
1:29 of 2nd period - Slapshot by Marc Staal.
1:29 of 2nd period - Shot Blocked by Sam Steel.
1:31 of 2nd period - Slapshot by Marc Staal.
1:31 of 2nd period - Shot Blocked by Jeremy Lauzon.
1:33 of 2nd period - Slapshot by Thomas Chabot.
1:33 of 2nd period - Deflect By Brayden Schenn.
1:33 of 2nd period - Stopped by Mads Sogaard with a rebound.
1:35 of 2nd period - Slapshot by Marc Staal.
1:35 of 2nd period - Shot Misses the Net.
1:37 of 2nd period - Wrist shot by Rafael Harvey-Pinard.
1:37 of 2nd period - Shot Blocked by Derek Forbort.
1:47 of 2nd period - Jeremy Lauzon is hit by Marc Staal and loses puck.
1:54 of 2nd period - Slapshot by Nick Bonino.
1:54 of 2nd period - Stopped by Mads Sogaard with a rebound.
1:56 of 2nd period - Snap shot by Sam Lafferty.
1:56 of 2nd period - Stopped by Mads Sogaard without a rebound.
1:57 of 2nd period - Thomas Novak wins face-off versus Ryan Strome in Sabres zone.
2:19 of 2nd period - Corey Perry is hit by Rasmus Sandin and loses puck.
2:40 of 2nd period - Snap shot by Brayden Schenn.
2:40 of 2nd period - Shot Misses the Net.
3:10 of 2nd period - Nick Bonino is hit by Ryan Reaves and loses puck.
3:33 of 2nd period - Slapshot by Eeli Tolvanen.
3:33 of 2nd period - Stopped by Tristan Jarry without a rebound.
3:34 of 2nd period - Sam Steel wins face-off versus Dylan Strome in Stars zone.
3:37 of 2nd period - Snap shot by Jakub Vrana.
3:37 of 2nd period - Stopped by Tristan Jarry without a rebound.
3:38 of 2nd period - Ryan Strome wins face-off versus Sam Steel in Stars zone.
3:38 of 2nd period - Ryan Strome is hit by Jakub Vrana.
3:59 of 2nd period - Minor Penalty to Jakub Vrana for Delaying the game.
4:00 of 2nd period - Sam Steel wins face-off versus Gabriel Landeskog in Sabres zone.
5:51 of 2nd period - Dylan Strome is hit by Clayton Keller and loses puck.
5:59 of 2nd period - Penalty to Jakub Vrana is over, Jakub Vrana is back on ice.
6:17 of 2nd period - Alex Chiasson is hit by Sam Lafferty and loses puck.
6:49 of 2nd period - Slapshot by John Klingberg.
6:49 of 2nd period - Shot Misses the Net.
6:51 of 2nd period - Slapshot by John Klingberg.
6:51 of 2nd period - Shot Blocked by Ryan Reaves.
6:53 of 2nd period - Wrist shot by Colin Blackwell.
6:53 of 2nd period - Shot Misses the Net.
6:55 of 2nd period - Wrist shot by John Klingberg.
6:55 of 2nd period - Stopped by Mads Sogaard without a rebound.
6:56 of 2nd period - Ryan Strome wins face-off versus Alex Chiasson in Sabres zone.
6:57 of 2nd period - Snap shot by Jacob Peterson.
6:57 of 2nd period - Shot Blocked by Zach Hyman.
7:26 of 2nd period - Slapshot by Clayton Keller.
7:26 of 2nd period - Shot Blocked by Patrik Nemeth.
7:31 of 2nd period - Off-side.
7:32 of 2nd period - Dylan Strome wins face-off versus Jakub Vrana in neutral zone.
7:59 of 2nd period - Anze Kopitar is hit by Marc Staal and loses puck.
8:24 of 2nd period - Wrist shot by Jacob Peterson.
8:24 of 2nd period - Stopped by Mads Sogaard with a rebound.
8:32 of 2nd period - Alex Chiasson is hit by Corey Perry and loses puck.
8:49 of 2nd period - Sam Lafferty is hit by Jakub Lauko and loses puck.
10:07 of 2nd period - Slapshot by Eeli Tolvanen.
10:07 of 2nd period - Shot Misses the Net.
10:09 of 2nd period - Wrist shot by Ryan Reaves.
10:09 of 2nd period - Shot Misses the Net.
10:11 of 2nd period - Slapshot by Derek Forbort.
10:11 of 2nd period - Stopped by Tristan Jarry with a rebound.
10:13 of 2nd period - Slapshot by Jeremy Lauzon.
10:13 of 2nd period - Stopped by Tristan Jarry without a rebound.
10:14 of 2nd period - Anze Kopitar wins face-off versus Gabriel Landeskog in Stars zone.
10:22 of 2nd period - Minor Penalty to Gabriel Landeskog for Delaying the game.
10:23 of 2nd period - Anze Kopitar wins face-off versus Nick Bonino in Stars zone.
10:25 of 2nd period - Snap shot by Zach Hyman.
10:25 of 2nd period - Stopped by Tristan Jarry without a rebound.
10:26 of 2nd period - Anze Kopitar wins face-off versus Nick Bonino in Stars zone.
12:22 of 2nd period - Penalty to Gabriel Landeskog is over, Gabriel Landeskog is back on ice.
12:28 of 2nd period - Off-side.
12:29 of 2nd period - Sam Steel wins face-off versus Gabriel Landeskog in neutral zone.
13:13 of 2nd period - Snap shot by Gabriel Landeskog.
13:13 of 2nd period - Goal by Gabriel Landeskog - Stars : 2 - Sabres : 1.
13:14 of 2nd period - Thomas Novak wins face-off versus Dylan Strome in neutral zone.
13:19 of 2nd period - Rafael Harvey-Pinard is hit by Alex Chiasson.
13:25 of 2nd period - Snap shot by Thomas Novak.
13:25 of 2nd period - Stopped by Tristan Jarry without a rebound.
13:26 of 2nd period - Anze Kopitar wins face-off versus Dylan Strome in Stars zone.
14:09 of 2nd period - Snap shot by Dylan Strome.
14:09 of 2nd period - Stopped by Mads Sogaard with a rebound.
14:11 of 2nd period - Slapshot by Thomas Chabot.
14:11 of 2nd period - Deflect By Dylan Strome.
14:11 of 2nd period - Shot Misses the Net.
14:11 of 2nd period - Puck is out of play.
14:12 of 2nd period - Gabriel Landeskog wins face-off versus Thomas Novak in Sabres zone.
14:41 of 2nd period - Slapshot by John Klingberg.
14:41 of 2nd period - Shot Misses the Net.
15:06 of 2nd period - Snap shot by Colin Blackwell.
15:06 of 2nd period - Stopped by Mads Sogaard with a rebound.
15:08 of 2nd period - Wrist shot by Nick Bonino.
15:08 of 2nd period - Stopped by Mads Sogaard with a rebound.
15:10 of 2nd period - Snap shot by Nick Bonino.
15:10 of 2nd period - Shot Misses the Net.
15:12 of 2nd period - Wrist shot by Colin Blackwell.
15:12 of 2nd period - Shot Blocked by Jeremy Lauzon.
15:19 of 2nd period - Icing by Jeremy Lauzon.
15:20 of 2nd period - Dylan Strome wins face-off versus Jakub Lauko in Sabres zone.
16:09 of 2nd period - Snap shot by Anze Kopitar.
16:09 of 2nd period - Deflect By Trevor Zegras.
16:09 of 2nd period - Shot Blocked by Corey Perry.
16:09 of 2nd period - Puck is out of play.
16:10 of 2nd period - Anze Kopitar wins face-off versus Ryan Strome in Stars zone.
16:11 of 2nd period - Wrist shot by Trevor Zegras.
16:11 of 2nd period - Shot Misses the Net.
16:13 of 2nd period - Slapshot by Marco Scandella.
16:13 of 2nd period - Stopped by Tristan Jarry with a rebound.
17:01 of 2nd period - John Klingberg is hit by Filip Hronek and loses puck.
17:20 of 2nd period - Backhand shot by Ryan Reaves.
17:20 of 2nd period - Deflect By Eeli Tolvanen.
17:20 of 2nd period - Shot Misses the Net.
17:20 of 2nd period - Puck is out of play.
17:21 of 2nd period - Gabriel Landeskog wins face-off versus Jakub Lauko in Stars zone.
17:26 of 2nd period - Snap shot by Anders Lee.
17:26 of 2nd period - Shot Misses the Net.
17:44 of 2nd period - Wrist shot by Eeli Tolvanen.
17:44 of 2nd period - Deflect By Ryan Reaves.
17:44 of 2nd period - Shot Blocked by Patrik Nemeth.
17:44 of 2nd period - Puck is out of play.
17:45 of 2nd period - Ryan Strome wins face-off versus Clayton Keller in Stars zone.
17:53 of 2nd period - Off-side.
17:54 of 2nd period - Anze Kopitar wins face-off versus Jacob Peterson in neutral zone.
17:57 of 2nd period - Slapshot by Trevor Zegras.
17:57 of 2nd period - Stopped by Tristan Jarry with a rebound.
17:59 of 2nd period - Wrist shot by Derek Forbort.
17:59 of 2nd period - Stopped by Tristan Jarry with a rebound.
19:34 of 2nd period - Wrist shot by Anze Kopitar.
19:34 of 2nd period - Goal by Anze Kopitar - Stars : 2 - Sabres : 2.
19:35 of 2nd period - Anders Lee wins face-off versus Thomas Novak in neutral zone.
19:37 of 2nd period - Minor Penalty to Gabriel Landeskog for Roughing.
19:38 of 2nd period - Sam Lafferty wins face-off versus Thomas Novak in Stars zone.
Goals for this period are 2 for Stars vs 1 for Sabres.
Shots for this period are 14 for Stars vs 11 for Sabres.

3rd period


0:01 of 3rd period - Anze Kopitar wins face-off versus Nick Bonino in neutral zone.
0:40 of 3rd period - Wrist shot by Trevor Zegras.
0:40 of 3rd period - Shot Misses the Net.
0:42 of 3rd period - Snap shot by Thomas Novak.
0:42 of 3rd period - Deflect By Eeli Tolvanen.
0:42 of 3rd period - Stopped by Tristan Jarry without a rebound.
0:43 of 3rd period - Thomas Novak wins face-off versus Nick Bonino in Stars zone.
1:37 of 3rd period - Penalty to Gabriel Landeskog is over, Gabriel Landeskog is back on ice.
1:41 of 3rd period - Wrist shot by Jacob Peterson.
1:41 of 3rd period - Shot Misses the Net.
2:06 of 3rd period - Off-side.
2:07 of 3rd period - Zach Hyman wins face-off versus Dylan Strome in neutral zone.
2:32 of 3rd period - Jakub Vrana is hit by Mike Reilly and loses puck.
3:13 of 3rd period - Slapshot by Thomas Chabot.
3:13 of 3rd period - Deflect By Nick Bonino.
3:13 of 3rd period - Stopped by Mads Sogaard without a rebound.
3:14 of 3rd period - Sam Lafferty wins face-off versus Jakub Lauko in Sabres zone.
3:25 of 3rd period - Snap shot by Nick Bonino.
3:25 of 3rd period - Stopped by Mads Sogaard with a rebound.
3:39 of 3rd period - Slapshot by Gabriel Landeskog.
3:39 of 3rd period - Shot Blocked by Eeli Tolvanen.
3:53 of 3rd period - Wrist shot by Mikko Rantanen.
3:53 of 3rd period - Stopped by Mads Sogaard with a rebound.
4:11 of 3rd period - Snap shot by Zach Hyman.
4:11 of 3rd period - Shot Misses the Net.
4:13 of 3rd period - Snap shot by Filip Hronek.
4:13 of 3rd period - Stopped by Tristan Jarry with a rebound.
4:15 of 3rd period - Snap shot by Zach Hyman.
4:15 of 3rd period - Goal by Zach Hyman - Stars : 2 - Sabres : 3.
4:16 of 3rd period - Gabriel Landeskog wins face-off versus Alex Chiasson in neutral zone.
5:10 of 3rd period - Marc Staal is hit by Trevor Zegras and loses puck.
5:46 of 3rd period - Slapshot by Filip Hronek.
5:46 of 3rd period - Shot Blocked by Mike Reilly.
6:35 of 3rd period - Snap shot by Eeli Tolvanen.
6:35 of 3rd period - Shot Misses the Net.
6:53 of 3rd period - Rafael Harvey-Pinard is hit by Anze Kopitar and loses puck.
7:16 of 3rd period - Snap shot by Mikko Rantanen.
7:16 of 3rd period - Shot Blocked by Filip Hronek.
7:50 of 3rd period - Minor Penalty to Eeli Tolvanen for Interference.
7:51 of 3rd period - Gabriel Landeskog wins face-off versus Sam Steel in Sabres zone.
9:36 of 3rd period - Clayton Keller is hit by Jacob Peterson and loses puck.
9:50 of 3rd period - Penalty to Eeli Tolvanen is over, Eeli Tolvanen is back on ice.
9:55 of 3rd period - Slapshot by Thomas Chabot.
9:55 of 3rd period - Shot Blocked by Eeli Tolvanen.
10:03 of 3rd period - Colin Blackwell is hit by Jakub Lauko and loses puck.
10:27 of 3rd period - Snap shot by Jacob Peterson.
10:27 of 3rd period - Shot Blocked by Jeremy Lauzon.
10:41 of 3rd period - Patrik Nemeth is hit by Anze Kopitar.
11:29 of 3rd period - Wrist shot by Trevor Zegras.
11:29 of 3rd period - Stopped by Tristan Jarry with a rebound.
11:31 of 3rd period - Snap shot by Anze Kopitar.
11:31 of 3rd period - Stopped by Tristan Jarry without a rebound.
11:32 of 3rd period - Anze Kopitar wins face-off versus Ryan Strome in Stars zone.
11:51 of 3rd period - Jakub Lauko is hit by Gabriel Landeskog and loses puck.
12:43 of 3rd period - Wrist shot by Brayden Schenn.
12:43 of 3rd period - Shot Misses the Net.
12:45 of 3rd period - Wrist shot by Colin Blackwell.
12:45 of 3rd period - Stopped by Mads Sogaard without a rebound.
12:46 of 3rd period - Thomas Novak wins face-off versus Sam Lafferty in Sabres zone.
12:55 of 3rd period - Snap shot by Sam Lafferty.
12:55 of 3rd period - Shot Misses the Net.
12:57 of 3rd period - Wrist shot by Colin Blackwell.
12:57 of 3rd period - Stopped by Mads Sogaard with a rebound.
12:59 of 3rd period - Slapshot by Thomas Chabot.
12:59 of 3rd period - Shot Misses the Net.
13:01 of 3rd period - Snap shot by Colin Blackwell.
13:01 of 3rd period - Shot Misses the Net.
13:17 of 3rd period - Wrist shot by Brayden Schenn.
13:17 of 3rd period - Stopped by Mads Sogaard with a rebound.
13:33 of 3rd period - Wrist shot by Thomas Novak.
13:33 of 3rd period - Stopped by Tristan Jarry without a rebound.
13:34 of 3rd period - Gabriel Landeskog wins face-off versus Sam Steel in Stars zone.
14:00 of 3rd period - Minor Penalty to Jeremy Lauzon for Holding.
14:01 of 3rd period - Gabriel Landeskog wins face-off versus Anze Kopitar in Sabres zone.
14:57 of 3rd period - Snap shot by Brayden Schenn.
14:57 of 3rd period - Shot Misses the Net.
15:09 of 3rd period - Rasmus Sandin is hit by Mikko Rantanen and loses puck.
16:00 of 3rd period - Penalty to Jeremy Lauzon is over, Jeremy Lauzon is back on ice.
17:07 of 3rd period - Patrik Nemeth is hit by Alex Chiasson and loses puck.
17:18 of 3rd period - Wrist shot by Trevor Zegras.
17:18 of 3rd period - Shot Misses the Net.
17:20 of 3rd period - Slapshot by Trevor Zegras.
17:20 of 3rd period - Stopped by Tristan Jarry without a rebound.
17:21 of 3rd period - Sam Lafferty wins face-off versus Trevor Zegras in Stars zone.
17:49 of 3rd period - Wrist shot by Matt Grzelcyk.
17:49 of 3rd period - Stopped by Mads Sogaard without a rebound.
17:50 of 3rd period - Ryan Strome wins face-off versus Ryan Reaves in Sabres zone.
18:17 of 3rd period - Snap shot by Mikko Rantanen.
18:17 of 3rd period - Deflect By Rasmus Sandin.
18:17 of 3rd period - Stopped by Mads Sogaard with a rebound.
18:19 of 3rd period - Slapshot by Anders Lee.
18:19 of 3rd period - Shot Misses the Net.
18:41 of 3rd period - Snap shot by Anze Kopitar.
18:41 of 3rd period - Deflect By Clayton Keller.
18:41 of 3rd period - Stopped by Tristan Jarry without a rebound.
18:42 of 3rd period - Anze Kopitar wins face-off versus Sam Lafferty in Stars zone.
18:45 of 3rd period - Wrist shot by Trevor Zegras.
18:45 of 3rd period - Shot Misses the Net.
18:51 of 3rd period - Wrist shot by Trevor Zegras.
18:51 of 3rd period - Goal by Trevor Zegras - Stars : 2 - Sabres : 4.
18:52 of 3rd period - Sam Lafferty wins face-off versus Sam Steel in neutral zone.
19:01 of 3rd period - Snap shot by Nick Bonino.
19:01 of 3rd period - Stopped by Mads Sogaard without a rebound.
19:02 of 3rd period - Sam Lafferty wins face-off versus Sam Steel in Sabres zone.
19:40 of 3rd period - Wrist shot by Sam Steel.
19:40 of 3rd period - Stopped by Tristan Jarry without a rebound.
19:41 of 3rd period - Jakub Lauko wins face-off versus Ryan Strome in Stars zone.
19:50 of 3rd period - Derek Forbort is hit by Jacob Peterson.
Goals for this period are 0 for Stars vs 2 for Sabres.
Shots for this period are 9 for Stars vs 10 for Sabres.




Output by the SimonT Hockey Simulator (STHS) for Eric Tremblay - Original Page W3C HTML5 Valid
Hockey Simulator - Hockey Simulation - Hockey Manager